 Dungeon Crawl Stone Soup version 0.28.0 (webtiles) character file.

Game seed: 1336937409169161997

17407 diecastcamel the Fighter (level 12, -36/110 HPs)
             Began as a Minotaur Berserker on Feb 4, 2022.
             Was an Elder of Trog.
             Blown up by an orb spider (44 damage)
             ... with an orb of destruction
             ... on level 3 of the Lair of Beasts on Feb 5, 2022.
             The game lasted 01:24:20 (14941 turns).

diecastcamel the Fighter (Minotaur Berserker)      Turns: 14941, Time: 01:24:21

Health: -36/110    AC: 21    Str: 26    XL:     12   Next: 18%
Magic:  3/3        EV:  9    Int:  4    God:    Trog [****..]
Gold:   540        SH: 10    Dex: 11    Spells: 11/11 levels left

rFire   . . .      SeeInvis .   e - +0 war axe (antimagic)
rCold   . . .      Faith    .   r - +0 kite shield
rNeg    . . .      Spirit   .   d - +0 plate armour
rPois   .          Reflect  .   z - +2 hat
rElec   .          Harm     .   (no cloak)
rCorr   .          Rampage  .   (no gloves)
Will    .....                   (no boots)
Stlth   ..........              k - amulet of regeneration
HPRegen 1.08/turn               B - +4 ring of protection
MPRegen 0.08/turn               K - ring of flight

@: flying
A: horns 2, retaliatory headbutt
a: Renounce Religion, Berserk, Trog's Hand, Brothers in Arms


You were on level 3 of the Lair of Beasts.
You worshipped Trog.
Trog was greatly pleased with you.
You visited 3 branches of the dungeon, and saw 14 of its levels.
You also visited: Gauntlet.

You collected 778 gold pieces.
You spent 238 gold pieces at shops.

Inventory:

Hand Weapons
 e - a +0 antimagic war axe (weapon)
 A - a +3 dire flail of protection
 I - a +2 flail of holy wrath
Missiles
 b - 18 poisoned darts
 C - 2 silver boomerangs
 H - 9 boomerangs (quivered)
Armour
 d - a +0 plate armour (worn)
 i - a scarf of harm
 p - a +3 leather armour of fire resistance
 r - a +0 kite shield (worn)
 z - a +2 hat (worn)
 M - an orb of light
Jewellery
 j - a ring of poison resistance
 k - an amulet of regeneration (around neck)
 u - a ring of fire
 B - a +4 ring of protection (left hand)
 K - a ring of flight (right hand)
Wands
 g - a wand of digging (8)
 w - a wand of flame (22)
 y - a wand of polymorph (19)
Scrolls
 f - a scroll of blinking
 l - a scroll of enchant armour
 m - 4 scrolls of teleportation
 n - 2 scrolls of fog
 v - 3 scrolls of immolation
 D - a scroll of summoning
Potions
 a - a potion of heal wounds
 c - a potion of berserk rage
 h - 2 potions of curing
 o - a potion of resistance
 q - 2 potions of mutation
 s - 4 potions of lignification
 x - a potion of might {unknown}
 E - a potion of haste {unknown}
 F - 7 potions of ambrosia
 J - a potion of invisibility {unknown}


   Skills:
 - Level 11.5 Fighting
 - Level 10.2 Axes
 - Level 11.2 Armour
 - Level 10.3 Dodging
 + Level 9.3 Shields
 - Level 5.2 Evocations


You had 11 spell levels left.
You didn't know any spells.
Your spell library was empty.

Dungeon Overview and Level Annotations

Branches:
Dungeon (10/15)            Temple (0/1) D:4            Lair (3/6) D:10
 Shoals (1/4) Lair:2       Spider (0/4) Lair:3      Gauntlet (visited)
    Orc: D:9-12

Altars:
Wu Jian

Shops:
D:6 (

Annotations:
Lair:3 2 transporters, Ixoagrun's ghost, journeyman MiFi
Shoals:1 Jorgrun


Innate Abilities, Weirdness & Mutations

You have a pair of horns on your head.
You reflexively headbutt those who attack you in melee.


Message History

You open the door.
There is an open door here.
Found 10 bolts.
You see here 10 bolts.
Found a ring mail.
An orb spider comes into view.
Found a hole to the Spider Nest.
The orb spider hisses angrily.
You see here a +0 ring mail.
You see here a +0 ring mail.
You see here a +0 ring mail.
The orb spider spins a strand of pure energy.
The orb spider weaves a glowing orb of energy.
An orb of destruction comes into view.
The orb of destruction moves out of view.
You see here a +0 ring mail.
Why would you want to do that? Why would you want to do that?
The orb spider begins to weave its threads into a brightly glowing ball.
You see here a +0 ring mail.
You remove your ring of poison resistance.
You fly up into the air.
K - a ring of flight (right hand)
You see here a +0 ring mail.
The orb spider weaves a glowing orb of energy.
An orb of destruction comes into view.
The orb of destruction hits you!!!
Ouch! That really hurt!
The orb spider pulsates with a strange energy.
The orb spider weaves a glowing orb of energy.
An orb of destruction comes into view.
You are caught in the web!
The orb of destruction hits you!!!
* * * LOW HITPOINT WARNING * * *
The orb spider pulsates with a strange energy.
There is a web here.
You disentangle yourself.
The orb spider weaves a glowing orb of energy.
An orb of destruction comes into view.
You pick your way through the web.
The orb of destruction hits you!!!
You die...

####.##..#####..^.#### #
####.....###.#####..##
##...+#.#.##..^.......#
#....†....##+≈≈≈....## ###
#.........#.^.≈≈^.#.^# #.# ####
+.........##>s≈≈....####.#####...
PP........##^○≈≈.##[#.##...#.#...
#.........##+○○≈..#...##..#......
#.........#.^..○@....##.....P#...
..........##.#..###..##..##.##...
P..........######...##...+..##...
#.##..##....#P.##..#
#...........#####.##
##...#..#.### ### ##########


You could see an orb spider.

Vanquished Creatures
  A hydra (Lair:1)
  2 catoblepae (Lair:3)
  3 two-headed ogres
  2 tengu warriors (D:9)
  A manticore (D:7)
  Joseph (D:10)
  3 black mambas
  A cane toad (Lair:1)
  3 komodo dragons
  A queen bee (Lair:3)
  A polar bear (Lair:1)
  Grinder (D:4)
  5 blink frogs (Lair:2)
  A snapping turtle (Lair:2)
  A shadow (D:5)
  2 basilisks
  Eustachio (D:6)
  12 yaks
  Menkaure (D:4)
  2 acid dragons (D:10)
  7 water moccasins
  2 black bears
  4 orc warriors
  An ice beast (D:7)
  3 ogres
  2 necrophages
  4 wolves
  Blork the orc (D:5)
  3 gnoll sergeants
  A wyvern zombie (D:7)
  3 bullfrogs
  2 scorpions
  A water moccasin zombie (D:5)
  3 wights (D:9)
  31 killer bees
  2 howler monkeys (D:8)
  7 crimson imps (D:8)
  A bullfrog zombie (D:6)
  3 jellies
  6 orc priests
  2 bullfrog skeletons
  2 hounds
  An iguana (D:4)
  Ijyb (D:5)
  7 orc wizards
  A killer bee zombie (D:6)
  2 howler monkey zombies
  10 adders
  18 gnolls
  A howler monkey skeleton (D:6)
  2 shadow imps (D:8)
  A white imp (D:6)
  An adder skeleton (D:4)
  3 worms
  A dart slug (D:5)
  26 orcs
  2 endoplasms
  5 giant cockroaches
  6 goblins
  11 hobgoblins
  6 kobolds
  3 quokkas
  6 ball pythons
  3 bats
  2 frilled lizards
  A rat (D:1)
256 creatures vanquished.

Vanquished Creatures (others)
  A killer bee (Lair:3)
  7 demonic plants (Gauntlet)
  13 fungi
  13 plants
  14 withered plants (Gauntlet)
48 creatures vanquished.

Grand Total: 304 creatures vanquished

Notes
Turn   | Place    | Note
-------+----------+-------------------------------------------
     0 | D:1      | diecastcamel the Minotaur Berserker began the quest for the
                  | Orb.
     0 | D:1      | Reached XP level 1. HP: 19/19 MP: 0/0
   332 | D:1      | Reached XP level 2. HP: 27/27 MP: 1/1
   895 | D:1      | Found a faded altar of an unknown god.
  1496 | D:2      | Reached XP level 3. HP: 33/33 MP: 2/2
  1726 | D:2      | Found the +9 staff of Wucad Mu {*channel}
  2498 | D:3      | Reached XP level 4. HP: 32/41 MP: 3/3
  2669 | D:3      | Reached ** piety under Trog
  2670 | D:3      | Reached XP level 5. HP: 47/47 MP: 1/4
  3131 | D:3      | Reached skill level 5 in Fighting
  3131 | D:3      | Reached skill level 5 in Axes
  3475 | D:4      | Found a staircase to the Ecumenical Temple.
  3797 | D:4      | Noticed Menkaure
  3803 | D:4      | Killed Menkaure
  3804 | D:4      | Reached XP level 6. HP: 41/56 MP: 1/5
  4618 | D:4      | Noticed Grinder
  4624 | D:4      | Killed Grinder
  4625 | D:4      | Reached skill level 5 in Armour
  4625 | D:4      | Reached XP level 7. HP: 62/62 MP: 2/6
  4958 | D:5      | Entered Level 5 of the Dungeon
  4962 | D:5      | Noticed Blork the orc
  4975 | D:5      | Killed Blork the orc
  5092 | D:5      | Reached skill level 1 in Evocations
  5852 | D:5      | Noticed Ijyb
  5867 | D:5      | Killed Ijyb
  5868 | D:5      | Reached XP level 8. HP: 43/70 MP: 2/7
  7249 | D:6      | Reached skill level 5 in Evocations
  7359 | D:6      | You fall into a shaft and drop 2 floors!
  7365 | D:8      | Reached skill level 5 in Dodging
  7366 | D:8      | Reached *** piety under Trog
  7407 | D:8      | Reached XP level 9. HP: 78/78 MP: 2/8
  7756 | D:8      | Noticed a two-headed ogre
  7778 | D:8      | Killed a two-headed ogre
  7882 | D:6      | Found Horuef's Antique Weapon Shoppe.
  7885 | D:6      | Bought a runed dire flail for 238 gold pieces
  8228 | D:6      | Noticed Eustachio
  8240 | D:6      | Killed Eustachio
  9296 | D:7      | Reached skill level 10 in Axes
  9455 | D:7      | Noticed a manticore
  9469 | D:7      | Killed a manticore
  9517 | D:7      | Reached XP level 10. HP: 85/88 MP: 9/9
  9651 | D:7      | Reached **** piety under Trog
 10779 | D:9      | Identified the +1 trident "Jekhlaexe" {freeze, *Slow Will++
                  | Str+4 SInv}
 11014 | D:9      | Noticed a tengu warrior
 11014 | D:9      | Noticed a tengu warrior
 11030 | D:9      | Killed a tengu warrior
 11040 | D:9      | Killed a tengu warrior
 11229 | D:10     | Entered Level 10 of the Dungeon
 11328 | D:10     | Noticed a two-headed ogre
 11335 | D:10     | Killed a two-headed ogre
 11336 | D:10     | Reached skill level 10 in Fighting
 11395 | D:10     | Noticed a two-headed ogre
 11404 | D:10     | Killed a two-headed ogre
 11405 | D:10     | Reached skill level 10 in Armour
 11405 | D:10     | Reached XP level 11. HP: 50/101 MP: 10/10
 11615 | D:10     | Found an ornate altar of the Wu Jian Council.
 11755 | D:10     | Found a staircase to the Lair.
 11865 | D:10     | Noticed Joseph
 11877 | D:10     | Killed Joseph
 11972 | Lair:1   | Entered Level 1 of the Lair of Beasts
 12120 | Lair:1   | Noticed a four-headed hydra
 12127 | Lair:1   | Killed a four-headed hydra
 12198 | Lair:1   | Reached skill level 10 in Dodging
 13024 | Lair:2   | Found a gate leading to a gauntlet.
 13058 | Gauntlet | Entered a Gauntlet
 13058 | Gauntlet | Found a transporter.
 13058 | Gauntlet | Found a transporter.
 13058 | Gauntlet | Found a transporter.
 13059 | Gauntlet | Found a transporter.
 13060 | Gauntlet | Found a transporter.
 13063 | Gauntlet | Found a transporter.
 13067 | Gauntlet | Found a runed translucent door.
 13067 | Gauntlet | Noticed a necromancer
 13067 | Gauntlet | Noticed a soul eater
 13069 | Gauntlet | Found a runed translucent door.
 13071 | Gauntlet | Found a transporter.
 13072 | Gauntlet | Found a transporter.
 13073 | Gauntlet | Found a transporter.
 13074 | Gauntlet | Found a transporter.
 13077 | Gauntlet | Noticed a wretched star
 13083 | Gauntlet | Found a transporter.
 13087 | Gauntlet | Found a transporter.
 13569 | Lair:1   | Reached skill level 1 in Shields
 13929 | Lair:2   | Reached skill level 5 in Shields
 13962 | Lair:2   | Found a staircase to the Shoals.
 14017 | Shoals:1 | Entered Level 1 of the Shoals
 14017 | Shoals:1 | Noticed Jorgrun
 14168 | Lair:3   | Noticed a catoblepas
 14244 | Lair:3   | Noticed Ixoagrun's ghost (journeyman MiFi)
 14251 | Lair:3   | Noticed a catoblepas
 14360 | Lair:3   | Found a transporter.
 14380 | Lair:3   | Killed a catoblepas
 14391 | Lair:3   | Found a transporter.
 14493 | Lair:3   | Killed a catoblepas
 14494 | Lair:3   | Reached XP level 12. HP: 38/110 MP: 3/11
 14875 | Lair:3   | Found a hole to the Spider Nest.
 14935 | Lair:3   | HP: 2/110 [disintegration (47)]
 14941 | Lair:3   | Blown up by an orb spider

Illustrated notes

Levels and vault maps discovered:
D:1:      dpeg_arrival_tiny_i, layout_basic,
          hellmonk_ecumenical_altar_leap_of_faith, glass_columns_a
D:2:      minmay_alternating_diamond, layout_rooms, grunt_ministairs_9
D:3:      layout_loops_ring, grunt_ministairs_3
D:4:      layout_loops_ring, minmay_temple_entry_stoned_glass, serial_forest,
          infiniplex_forest_clump_curved, infiniplex_forest_corner_1,
          infiniplex_forest_straight_2, infiniplex_forest_clump_tiny,
          infiniplex_forest_zigzag_1, infiniplex_forest_straight_2,
          infiniplex_forest_clump_tiny, infiniplex_forest_lined_2,
          infiniplex_forest_clump_long, infiniplex_forest_lined_2, uniq_grinder,
          uniq_menkaure
D:5:      layout_loops_cross, uniq_ijyb, uniq_blork_the_orc
D:6:      layout_cave_pods, serial_shops, nicolae_take_the_stairs,
          corner_web_ring, uniq_eustachio
D:7:      layout_rooms, nicolae_ossuary_entry_plus, kennysheep_path_1
D:8:      layout_rooms, enter_bailey_8, minmay_nine_imps
D:9:      nicolae_BIG_FREAKIN_CUBE, layout_irregular_city
D:10:     layout_roguey, mainiacjoe_overflow_cross_hatched, lair_entry_dummy,
          uniq_joseph
Lair:1:   layout_gridlike, grunt_megastairs_2
Lair:2:   layout_long_grid, minmay_shoals_entry_hut, gauntlet_entry_generic,
          serial_bayou_shore_b
Lair:3:   layout_roguey [special_room_bee], nicolae_spider_entry_orb_guardian,
          gammafunk_ghost_hive
Shoals:1: layout_shoals, nicolae_shoals_lost_giant_amphitheater, uniq_jorgrun

Skill      XL: |  1  2  3  4  5  6  7  8  9 10 11 12 |
---------------+-------------------------------------+-----
Axes           | 4 5 6 7 8 10 | 10.2
Fighting       | 4 5 6 8 10 11 | 11.5
Armour         | 3 4 5 7 10 11 | 11.2
Dodging        | 3 4 5 7 9 10 | 10.3
Evocations     | 1 5 |  5.2
Shields        | 7 9 |  9.3

Action                   |  1- 3 |  4- 6 |  7- 9 | 10-12 || total
-------------------------+-------+-------+-------+-------++-------
Melee: Hand axe          |    80 |     3 |       |       ||    83
       Headbutt          |    12 |    22 |    39 |    93 ||   166
       War axe           |       |    88 |   157 |   202 ||   447
       Punch             |       |     3 |     1 |       ||     4
       Dire flail        |       |       |    76 |   260 ||   336
Throw: Dart              |       |       |     4 |       ||     4
Invok: Berserk           |     2 |     1 |     4 |     6 ||    13
       Trog's Hand       |       |     2 |       |     6 ||     8
Evoke: Wand              |       |       |    10 |    16 ||    26
  Use: Scroll            |     8 |     4 |     4 |    11 ||    27
       Potion            |       |     1 |     1 |     2 ||     4
 Stab: Petrified         |       |       |       |    11 ||    11
       Petrifying        |       |       |       |     1 ||     1
Armor: Animal skin       |    10 |     6 |       |       ||    16
       Scale mail        |       |    12 |    66 |       ||    78
       Chain mail        |       |       |    19 |   185 ||   204
       Plate armour      |       |       |       |   213 ||   213
Dodge: Dodged            |    49 |    52 |   118 |   266 ||   485
Block: Kite shield       |       |       |       |   171 ||   171
